 Dungeon Crawl Stone Soup version 0.30-a0-760-g5a9884bb7c (webtiles) character file.

Game seed: 8174600744198016315

2 Armakuni the Sneak (level 1, -2/18 HPs)
             Began as a Human Delver on Feb 11, 2023.
             Slain by a howler monkey (5 damage)
             ... on level 8 of the Dungeon.
             The game lasted 00:01:50 (229 turns).

Armakuni the Sneak (Human Delver)                    Turns: 229, Time: 00:01:51

Health: -2/18      AC:  3    Str: 12    XL:     1   Next: 44%
Magic:  1/1        EV: 12    Int: 10    God:
Gold:   15         SH:  0    Dex: 14    Spells: 0/0 levels left

rFire   . . .      SeeInvis .    c - +2 great sword "Roerr" {heavy, rElec}
rCold   . . .      Faith    .    (shield currently unavailable)
rNeg    . . .      Spirit   .    b - +0 leather armour
rPois   .          Reflect  .    (no helmet)
rElec   +          Harm     .    (no cloak)
rCorr   .          Rampage  .    (no gloves)
Will    .....                    (no boots)
Stlth   +++                      (no amulet)
HPRegen 0.23/turn                (no ring)
MPRegen 0.07/turn                (no ring)

@: no status effects
A: no striking features
a: no special abilities


You were on level 8 of the Dungeon.
You visited 1 branch of the dungeon, and saw 3 of its levels.

You collected 15 gold pieces.

Inventory:

Hand Weapons
 a - a +0 falchion
 c - the +2 great sword "Roerr" (weapon) {heavy, rElec}
   (You found it on level 8 of the Dungeon)

   rElec:     It insulates you from electricity.
Armour
 b - a +0 leather armour (worn)
Wands
 k - a wand of digging (3)


   Skills:
 - Level 3.0 Fighting
 + Level 2.2 Long Blades
 - Level 2.0 Dodging
 - Level 5.0 Stealth


You couldn't memorise any spells.
You didn't know any spells.
Your spell library was empty.

Dungeon Overview and Level Annotations

Branches:
Dungeon (6/15)
 Temple: D:4-7

Altars:

Annotations:
D:6 Prince Ribbit


Message History

A howler monkey comes into view.
Found a crude great sword.
An orc wizard and an orc come into view.
The orc shouts!
The orc wizard shouts!
You hear a croak.
You hear an angry buzzing noise.
You hear a shout!
A bullfrog comes into view.
A slime creature comes into view.
You aren't carrying any scrolls.
Unknown command.
The howler monkey hoots and howls with incredible vigour!
The orc wizard casts a spell.
The orc wizard flickers and vanishes!
Deactivating autopickup; reactivate with Ctrl-A.
An orc wizard comes into view. It is wielding a +0 dagger of speed.
The shadow imp shouts, "Get thee hence, thou erky dread-bolted simpleton!"
The orc wizard shouts!
You hear a shout!
You hear an angry buzzing noise. x3
You hear a shout! x3; You hear an angry hiss.
An orc wizard comes into view. It is wielding a +0 dagger.
The slime creature quivers.
The orc wizard casts a spell.
The orc wizard flickers and vanishes!
You see here the +2 great sword "Roerr" {heavy, rElec}.
c - the +2 great sword "Roerr" {heavy, rElec} A meliai comes into view.
It is wielding a +0 war axe.
The bullfrog hits you.
The howler monkey hits you but does no damage.
The meliai moves out of view.
You aren't carrying any scrolls.
You aren't carrying any potions.
Unknown command.
c - the +2 great sword "Roerr" (weapon)
{heavy, rElec} The bullfrog hits you.
The howler monkey hoots and howls with incredible vigour!
The bullfrog hits you.
* * * LOW HITPOINT WARNING * * *
The killer bee stings you.
* * * LOW HITPOINT WARNING * * *
You hear an angry buzzing noise.
Unknown command.
The killer bee barely misses you. The howler monkey hits you.
You die...

#........ #.......=
....##......# #........
....##......# #....yy..
.{.........# # #.#
..?....#.J..#....# .# #.#
......#o.o...... ..# #.#
.y....#.5y...# ...# #.#
..§..#.hyy..##....# #.#
..§..#.F@.........#
#.######§§.§######....#..
#....§§§§§§..............#
#######§§§§..............#
####################


You could see a slime creature, a meliai, a bullfrog, a howler monkey (catching
breath), 2 killer bees, an orc wizard, a shadow imp and an orc.

Vanquished Creatures
  2 kobolds (D:6)
2 creatures vanquished.

Notes
Turn   | Place    | Note
-------+----------+-------------------------------------------
     0 | D:5      | Armakuni the Human Delver began the quest for the Orb.
     0 | D:5      | Reached XP level 1. HP: 18/18 MP: 1/1
    11 | D:6      | Noticed Prince Ribbit
    31 | D:6      | Noticed a kobold brigand
   151 | D:5      | Noticed an ogre
   172 | D:5      | Noticed a jelly
   186 | D:5      | You fall into a shaft and drop 3 floors!
   195 | D:8      | Noticed a killer bee
   195 | D:8      | Noticed a killer bee
   207 | D:8      | Noticed a killer bee
   220 | D:8      | Noticed a howler monkey
   221 | D:8      | Noticed an orc wizard
   221 | D:8      | Noticed a bullfrog
   221 | D:8      | Noticed a slime creature
   223 | D:8      | Noticed an orc wizard
   224 | D:8      | Noticed an orc wizard
   225 | D:8      | Identified the +2 great sword "Roerr" {heavy, rElec}
   226 | D:8      | Noticed a meliai
   229 | D:8      | Slain by a howler monkey

Illustrated notes

Levels and vault maps discovered:
D:5:      layout_cave_pools
D:6:      layout_basic, gammafunk_ghost_abyssal_escape, uniq_prince_ribbit1
D:8:      minmay_cut_squares, layout_gridville

Action                     || total
---------------------------++-------
  Melee: Falchion          ||     6
    Use: Scroll            ||     3
         Potion            ||     1
 Armour: Leather armour    ||     3
  Dodge: Dodged            ||     9

Table legend: (Time is in decaauts)
 A = Elapsed time spent in this place.
 B = Non-inter-level travel time spent in this place.
 C = Inter-level travel time spent in this place.
 D = Time resting spent in this place.
 E = Time spent auto-exploring this place.
 F = Levels seen in this place.
 G = Mean time per level.
                   A        B        C        D        E       F      G
               +--------+--------+--------+--------+--------+-----+--------+
         Total |    210 |    210 |      0 |     29 |      0 |   3 |   70.0 |
       Dungeon |    210 |    210 |      0 |     29 |      0 |   3 |   70.0 |
               +--------+--------+--------+--------+--------+-----+--------+

Top non-repeatable levels by time:
     D:5: 134 daAuts
     D:8: 42 daAuts
     D:6: 33 daAuts
